 Dungeon Crawl Stone Soup version 0.31-a0-233-g139696dc86 (webtiles) character file.

Game seed: 2831532667145324019

249 Armakuni the Charlatan (level 6, 43/43 HPs)
             Began as a Human Artificer on July 8, 2023.
             Was an Initiate of Ashenzari.
             Quit the game on level 4 of the Dungeon on July 9, 2023.
             The game lasted 00:16:23 (2488 turns).

Armakuni the Charlatan (Human Artificer)            Turns: 2488, Time: 00:16:24

Health: 43/43      AC:  7    Str: 12    XL:     6   Next: 34%
Magic:  6/6        EV: 10    Int: 13    God:    Ashenzari [......]
Gold:   172        SH:  0    Dex: 14    Spells: 5/5 levels left

rFire   . . .        a - +0 flail
rCold   . . .        (no shield)
rNeg    . . .        h - +0 ring mail
rPois   .            i - +0 helmet
rElec   .            (no cloak)
rCorr   .            o - +0 pair of gloves
SInv    .            (no boots)
Will    .....        R - amulet of Ashenzari's Mutualism {Regen+, Alch, Melee} (curse)
Stlth   +            (no ring)
HPRegen 1.07/turn    (no ring)
MPRegen 0.10/turn

%: no passive effects
@: no status effects
A: no striking features
a: Renounce Religion, Curse Item, Shatter the Chains


You were on level 4 of the Dungeon.
You worshipped Ashenzari.
Ashenzari was noncommittal.
You visited 1 branch of the dungeon, and saw 4 of its levels.

You collected 172 gold pieces.

Inventory:

Hand Weapons
 a - a +0 flail (weapon)
Missiles
 f - 4 poisoned darts
Armour
 h - a +0 ring mail (worn)
 i - a +0 helmet (worn)
 o - a +0 pair of gloves (worn)
Jewellery
 F - a ring of fire
 R - the cursed amulet of Ashenzari's Mutualism (around neck) {Regen+, Alch, Melee}
   (You found it on level 1 of the Dungeon)

   [amulet of regeneration]

   Regen:     It increases your rate of health regeneration.
   It has a curse which improves the following skills: Alchemy: Poison Magic and
   Transmutations.
   Melee Combat: Short Blades, Long Blades, Axes, Maces & Flails, Polearms,
   Staves and Unarmed Combat.
Wands
 c - a wand of charming (11)
 j - a wand of iceblast (14)
Scrolls
 e - 3 scrolls of teleportation
 l - a scroll of noise
 m - a scroll of amnesia {unknown}
 n - a scroll of blinking {unknown}
 r - a scroll of identify {unknown}
Potions
 b - 3 potions of curing
 d - a potion of heal wounds {unknown}
 g - a potion of mutation {unknown}
 k - a potion of attraction {unknown}
 p - a potion of lignification {unknown}
 q - a potion of might {unknown}
 s - a potion of ambrosia {unknown}
 t - a potion of brilliance {unknown}


   Skills:
 - Level 1.0 Fighting
 - Level 1.0(2.8) Maces & Flails
 + Level 3.9(4.4) Staves
 - Level 2.0 Armour
 - Level 1.0 Dodging
 - Level 1.0 Stealth
 - Level 5.0 Evocations


You had 5 spell levels left.
You didn't know any spells.
Your spell library contained the following spells:

 Spells                   Type           Power      Damage    Failure   Level
 Magic Dart               Conj           0%         1d3       56%         1
 Call Imp                 Summ           0%         N/A       71%         2
 Cigotuvi's Dreadful Rot  Necr/Pois/Air  0%         N/A       71%         2
 Dazzling Flash           Conj/Hex       0%         N/A       90%         3
 Ignite Poison            Fire/Tmut/Pois 0%         N/A       90%         3
 Mephitic Cloud           Conj/Pois/Air  0%         N/A       90%         3
 Volatile Blastmotes      Fire/Tloc      0%         2d10      90%         3
 Iskenderun's Mystic Bla  Conj/Tloc      0%         2d3       100%        4
 Freezing Cloud           Conj/Ice/Air   0%         6-21      100%        5
 Starburst                Conj/Fire      0%         6d3       100%        6


Dungeon Overview and Level Annotations

Branches:
Dungeon (4/15)
 Temple: D:4-7

Altars:
Ashenzari
Wu Jian


Message History

The orc is lightly wounded.
The orc hits you with a +0 hand axe. The orc barely misses you.
You hit the orc.
The orc is heavily wounded.
The orc hits you with a +0 hand axe.
You hit the orc.
The orc is almost dead.
The orc closely misses you.
You barely miss the orc.
The orc is almost dead.
The orc hits you but does no damage.
You sock the orc!
You kill the orc!
Items here: ))) [ †††.
Okay, then.
You start resting.
HP restored.
A worm comes into view.
Found a scroll labelled YDARETA VAESH.
Okay, then.
Aiming: Iceblast
Press: ? - help, Shift-Dir - straight line, f - worm
Aim: a worm The mass of ice explodes!
The iceblast engulfs the worm!!
You kill the worm!
No target in view!
No target in view!
Unknown command.
An endoplasm comes into view.
An endoplasm is nearby!
No reachable target in view!
No reachable target in view!
No reachable target in view!
You sock the endoplasm!
You kill the endoplasm!
A scorpion comes into view.
Ashenzari invites you to partake of a vision and a curse of companions and beguiling.
Okay, then.
Unknown command.
Are you sure you want to abandon this character and quit the game? (Confirm with "yes".)

..## #..##.#..##.#. #.
#.##. #.##..#.##..#
#.##....##....##....##
#... .##..#.##..#.##..
....##.#..##.#..##.#..
##†...##....##....##
#..##.#..##.#..##.#.
...#.##..#.##..#.##..#
#.@..##....##....##
#...#s##..#.##..#.##..
....?..##.#..##.#..##.#..
##.#### ..##....##....##
.. #.# .##.#..##.#. #..
##..#.##.)# ..## ..
#....## ##. #..#.##..
#..## #..


You could see a scorpion.

Vanquished Creatures
  An orc priest (D:3)
  Natasha (D:2)
  2 orc wizards
  Robin (D:2)
  3 adders
  2 worms
  4 dart slugs
  5 orcs
  5 ball pythons
  8 bats
  5 endoplasms
  2 giant cockroaches
  11 goblins
  4 hobgoblins
  10 jackals (D:1)
  3 kobolds
  3 quokkas (D:1)
  3 frilled lizards
  7 rats
80 creatures vanquished.

Vanquished Creatures (collateral kills)
  A jackal (D:1)
1 creature vanquished.

Vanquished Creatures (others)
  A goblin (D:2)
  A jackal (D:1)
2 creatures vanquished.

Grand Total: 83 creatures vanquished

Notes
Turn   | Place    | Note
-------+----------+-------------------------------------------
     0 | D:1      | Armakuni the Human Artificer began the quest for the Orb.
     0 | D:1      | Reached XP level 1. HP: 15/15 MP: 1/1
    36 | D:1      | Reached skill level 1 in Maces & Flails
    87 | D:1      | Found a faded altar of an unknown god.
   103 | D:1      | Reached XP level 2. HP: 20/21 MP: 2/2
   199 | D:1      | Prayed at the altar of an unknown god.
   199 | D:1      | Became a worshipper of Ashenzari the Shackled
   323 | D:1      | Reached XP level 3. HP: 26/26 MP: 3/3
   431 | D:1      | Reached skill level 4 in Evocations
   748 | D:2      | Reached XP level 4. HP: 30/32 MP: 4/4
   859 | D:2      | Noticed Robin
   892 | D:2      | Killed Robin
   893 | D:2      | Reached skill level 5 in Evocations
  1413 | D:2      | Noticed Natasha
  1432 | D:2      | Killed Natasha
  1433 | D:2      | Reached skill level 1 in Staves
  1433 | D:2      | Reached XP level 5. HP: 24/37 MP: 5/5
  1637 | D:3      | Reached XP level 6. HP: 16/43 MP: 6/6
  2321 | D:4      | Found an ornate altar of the Wu Jian Council.
  2488 | D:4      | Quit the game

Illustrated notes

Levels and vault maps discovered:
D:1:      lightli_arrival_statue_moat, layout_basic,
          ebering_ecumenical_altar_sacrificial
D:2:      layout_loops_cross, uniq_robin, uniq_natasha
D:3:      layout_basic, serial_bayou_lake_a
D:4:      layout_loops_cross, nicolae_wu_jian_wuxing_cycle,
          minmay_temple_entry_stoned_glass, nicolae_eternal_life

Skill      XL: |  1  2  3  4  5 |
---------------+----------------+-----
Maces & Flails | 1 |  1.0
Evocations     | 4 5 |  5.0
Staves         | 1 3 |  3.9
Fighting       | |  1.0
Armour         | |  2.0
Dodging        | |  1.0
Stealth        | |  1.0

Action                     |  1- 3 |  4- 6 || total
---------------------------+-------+-------++-------
  Melee: Club              |   162 |   149 ||   311
         Punch             |     1 |     3 ||     4
         Whip              |       |    21 ||    21
         Flail             |       |    20 ||    20
 Invoke: Curse Item        |     1 |       ||     1
  Evoke: Wand              |     9 |    14 ||    23
    Use: Scroll            |     2 |       ||     2
   Stab: Sleeping          |       |     2 ||     2
 Armour: Leather armour    |    56 |       ||    56
         Ring mail         |    14 |    95 ||   109
  Dodge: Dodged            |   160 |   116 ||   276

Table legend: (Time is in decaauts)
 A = Elapsed time spent in this place.
 B = Non-inter-level travel time spent in this place.
 C = Inter-level travel time spent in this place.
 D = Time resting spent in this place.
 E = Time spent auto-exploring this place.
 F = Levels seen in this place.
 G = Mean time per level.
                   A        B        C        D        E       F      G
               +--------+--------+--------+--------+--------+-----+--------+
         Total |   2605 |   2531 |     74 |    113 |   1460 |   4 |  651.2 |
       Dungeon |   2605 |   2531 |     74 |    113 |   1460 |   4 |  651.2 |
               +--------+--------+--------+--------+--------+-----+--------+

Top non-repeatable levels by time:
     D:2: 853 daAuts
     D:3: 789 daAuts
     D:1: 745 daAuts
     D:4: 217 daAuts
